 Dungeon Crawl Stone Soup version 0.29.1-15-g9cfb28693d (webtiles) character file.

Game seed: 6521676810524202560

123400 raph the Devastator (level 16, -21/96 HPs)
             Began as a Deep Elf Earth Elementalist on Mar 3, 2023.
             Was an Initiate of Gozag.
             Killed by the air
             ... invoked by a wind drake
              (25 damage)
             ... on level 1 of the Shoals on Mar 4, 2023.
             The game lasted 01:02:00 (49420 turns).

raph the Devastator (Deep Elf Earth Elementalist)  Turns: 49420, Time: 01:02:00

Health: -21/96     AC: 17    Str:  8    XL:     16   Next: 36%
Magic:  22/35      EV: 15    Int: 35    God:    Gozag
Gold:   8075       SH: 13    Dex: 15    Spells: 3/41 levels left

rFire   + . .      SeeInvis .   a - +6 demon blade (venom)
rCold   . . .      Faith    .   W - +3 warlock's mirror {reflect}
rNeg    . . .      Spirit   .   S - +1 acid dragon scales
rPois   .          Reflect  +   i - +0 helmet
rElec   .          Harm     .   J - +1 cloak
rCorr   +          Rampage  .   s - +1 pair of gloves
Will    +....                   j - +2 pair of boots
Stlth   ++++......              m - amulet "Wicez" {Reflect Str+3 SH+5}
HPRegen 0.26/turn               v - ring of Light {Wiz rF+ Stlth+}
MPRegen 0.24/turn               I - +6 ring of intelligence

@: brilliant, marked, gold aura
A: no striking features
a: Renounce Religion, Potion Petition, Call Merchant, Bribe Branch


You were on level 1 of the Shoals.
You worshipped Gozag.
Gozag was greatly pleased with you.
You visited 5 branches of the dungeon, and saw 24 of its levels.
You also visited: Sewer and Ossuary.

You collected 9460 gold pieces.
You spent 1283 gold pieces at shops.
You paid 102 gold pieces to Gozag.

Inventory:

Hand Weapons
 a - a +6 demon blade of venom (weapon)
 d - a +3 vampiric long sword
 u - a +1 dagger of pain
Armour
 i - a +0 helmet (worn)
 j - a +2 pair of boots (worn)
 s - a +1 pair of gloves (worn)
 J - a +1 cloak (worn)
 S - +1 acid dragon scales (worn)
 W - the +3 warlock's mirror (worn) {reflect}
   (You found it on level 4 of the Lair of Beasts)

   It can block and reflect piercing ranged attacks and magical attacks against
   the wielder's willpower.
Magical Staves
 N - a staff of earth
Jewellery
 c - a ring of magical power
 m - the amulet "Wicez" (around neck) {Reflect Str+3 SH+5}
   (You acquired it in a sewer)

   [amulet of reflection]

   It reflects blocked missile attacks.
   Str:       It affects your strength (+3).
   SH:        It affects your SH (+5).
 v - the ring of Light (left hand) {Wiz rF+ Stlth+}
   (You bought it in a shop on level 6 of the Dungeon)

   [ring of wizardry]

   It improves your spell success rate.
   rF:        It protects you from fire.
   Stlth:     It makes you more stealthy.
 F - a +4 ring of evasion
 G - the ring of Binnealo {Will+ Str+5}
   (You found it on level 5 of the Lair of Beasts)

   [ring of willpower]

   Str:       It affects your strength (+5).
   Will:      It increases your willpower.
 I - a +6 ring of intelligence (right hand)
 L - a ring of see invisible
 R - a ring of fire
Wands
 k - a wand of roots (16)
 o - a wand of polymorph (13)
 y - a wand of paralysis (15)
 M - a wand of light (8)
 O - a wand of flame (25)
 Q - a wand of mindburst (10)
Scrolls
 f - 5 scrolls of amnesia
 q - 2 scrolls of poison
 x - 9 scrolls of teleportation
 C - a scroll of fear
 D - a scroll of brand weapon
 H - a scroll of blinking
 P - 4 scrolls of summoning
 T - 4 scrolls of magic mapping
 Y - a scroll of silence
 Z - a scroll of fog
Potions
 b - 6 potions of might
 e - 2 potions of ambrosia
 g - 9 potions of curing
 l - 4 potions of flight
 n - 6 potions of mutation
 p - 3 potions of magic
 t - 2 potions of resistance
 w - 4 potions of cancellation
 z - 4 potions of haste
 A - 4 potions of heal wounds
 B - a potion of invisibility
 E - 4 potions of brilliance
 X - a potion of berserk rage
Miscellaneous
 U - a phantom mirror (inert)


   Skills:
 + Level 9.4 Fighting
 + Level 3.3 Long Blades
 - Level 5.5 Armour
 - Level 10.4 Dodging
 - Level 7.0 Stealth
 - Level 4.7 Shields
 + Level 13.4 Spellcasting
 + Level 17.6 Conjurations
 + Level 11.9 Summonings
 - Level 1.1 Transmutations
 - Level 7.4 Fire Magic
 - Level 9.0 Earth Magic
 - Level 5.6 Evocations


You had 3 spell levels left.
You knew the following spells:

 Your Spells              Type           Power      Damage    Failure   Level
a - Sandblast             Erth           100%       2d20      1%          1
b - Passwall              Tmut/Erth      60%        N/A       1%          2
c - Stone Arrow           Conj/Erth      100%       3d13      1%          3
d - Summon Guardian Gole  Hex/Summ       78%        N/A       1%          3
e - Orb of Destruction    Conj           60%        9d15      1%          7
f - Tukima's Dance        Hex            35%        N/A       4%          3
g - Starburst             Conj/Fire      52%        6d14      1%          6
h - Iron Shot             Conj/Erth      54%        9d10      1%          6
i - Spellforged Servitor  Conj/Summ      56%        N/A       3%          7

Your spell library contained the following spells:

 Spells                   Type           Power      Damage    Failure   Level
 Shock                    Conj/Air       100%       1d9       1%          1
 Ensorcelled Hibernation  Hex/Ice        70%        N/A       2%          2
 Gell's Gravitas          Tloc           35%        N/A       4%          3
 Lesser Beckoning         Tloc           35%        N/A       4%          3
 Portal Projectile        Hex/Tloc       70%        N/A       4%          3
 Swiftness                Air            35%        N/A       4%          3
 Teleport Other           Tloc           35%        N/A       4%          3
 Petrify                  Tmut/Erth      73%        N/A       1%          4
 Iskenderun's Battlesphe  Conj           100%       2d15      1%          5
 Summon Cactus Giant      Summ           51%        N/A       1%          6
 Summon Forest            Summ/Tloc      39%        N/A       3%          5
 Summon Mana Viper        Hex/Summ       78%        N/A       3%          5
 Conjure Ball Lightning   Conj/Air       45%        3x3d16    6%          6
 Summon Hydra             Summ           51%        N/A       10%         7
 Airstrike                Air            17%        2d(3-19)  16%         4
 Blade Hands              Tmut           23%        N/A       26%         5
 Haunt                    Necr/Summ      39%        N/A       69%         7
 Eringya's Noxious Bog    Tmut/Pois      20%        N/A       85%         6
 Discord                  Hex            17%        N/A       100%        8
 Disjunction              Tloc           17%        N/A       100%        8
 Infestation              Necr           17%        N/A       100%        8
 Chain Lightning          Conj/Air       45%        3d60      100%        9
 Animate Dead             Necr           Unusable   N/A       N/A         4

Dungeon Overview and Level Annotations

Branches:
Dungeon (15/15)            Temple (1/1) D:6            Lair (5/5) D:11
 Shoals (1/4) Lair:3       Spider (0/4) Lair:3        Slime (0/5) Lair:5
    Orc (2/2) D:9             Elf (0/3) Orc:2        Vaults (0/5) D:14
 Depths (0/4) D:15          Sewer (visited)         Ossuary (visited)

Altars:
Ashenzari
Cheibriados
Dithmenos
Elyvilon
Fedhas
Gozag
Hepliaklqana
Kikubaaqudgha
Makhleb
Nemelex Xobeh
Okawaru
Qazlal
Ru
Sif Muna
Trog
Uskayaw
Vehumet
Wu Jian
Xom
Yredelemnul
Zin
The Shining One
Jiyva

Shops:
D:6 =((   D:11 (   Orc:2 ([[(

Annotations:
D:5 3 runed translucent doors, fakeacct's ghost, novice HuBr


Message History

A rime drake comes into view.
A wind drake comes into view.
The steam dragon breathes steam at you.
Your +3 warlock's mirror {reflect} reflects the ball of steam!
The rime drake breathes ice at you. The flash freeze hits you.
You are encased in ice.
Casting: Orb of Destruction (dangerous; 1% risk of failure)
Confirm with . or Enter, or press ? or * to list all spells.
You summon a servant imbued with your destructive magic!
The orb of destruction hits the rime drake!!!
You blow up the rime drake!
You hear a splash.
A wind drake comes into view.
The wind drake flaps its wings at you. The air twists around and strikes you!
A rime drake comes into view.
You feel clever all of a sudden.
Your spellforged servitor conjures a glowing orb.
The ice encasing you melts away. The wind drake flaps its wings at you.
The air twists around and strikes you!!
The rime drake is distracted by your dazzling golden aura.
The wind drake flaps its wings at you. The air twists around and strikes you!!
A steam dragon comes into view.
Aiming: Phantom Mirror
Press: ? - help, Dir - move target, f/p - steam dragon
Aim: a steam dragon (moderately wounded)
You reflect the steam dragon with the mirror!
The mirror clouds!
The orb of destruction hits the steam dragon!!!!
The steam dragon is blown up!
The wind drake flaps its wings at you. The air twists around and strikes you!!
* * * LOW HITPOINT WARNING * * *
Your spellforged servitor conjures a glowing orb.
The wind drake flaps its wings at you. The air twists around and strikes you!!
You die...
Your body crumbles into a pile of gold.

≈≈≈≈≈≈≈≈≈≈≈≈≈≈≈≈≈≈≈
≈≈≈≈≈≈≈≈≈≈≈≈≈≈≈≈≈≈≈≈≈
≈≈≈≈≈≈≈≈≈≈≈≈≈≈≈≈≈≈≈≈≈≈≈≈
≈≈≈≈≈≈≈≈≈≈≈≈~~~~~~~≈≈≈≈≈≈
≈≈≈≈≈≈≈≈≈≈≈~~~~~~~~PPP≈≈≈≈
≈≈≈≈≈≈≈≈~~~~~~.P..9...~~~≈
≈≈≈≈≈≈≈~~~~~......*..P!P~~
≈≈≈≈≈≈~~~.......@.○...PPP~
≈≈≈~~≈~~~.....#.!.○...PP..
≈~~~~~~~~~...##...$§.P.PP.
~~~~~~~~~.~~..#....Dk.....
~~~~~~~~~~~~~≈....k..).PP.
~≈≈~~~.~~≈≈≈~~~......kk...
~≈~~~~.~≈≈≈≈≈P~........D~≈
~≈~~~~..~≈≈≈≈≈~..PP.P~~≈≈≈
≈≈~~~...~~~≈≈...~P~~P~~~~≈


You could see 2 wind drakes, 2 rime drakes, a steam dragon, a friendly
spellforged servitor (summoned) and a friendly steam dragon (summoned, very
drained).

Vanquished Creatures
  Jorgrun (Shoals:1)
  Frances (D:12)
  2 very ugly things (D:15)
  An ettin (D:12)
  A great orb of eyes (D:15)
  13 hydras
  A rakshasa (D:15)
  6 boulder beetles
  A vault guard (D:14)
  3 ogre magi
  3 centaur warriors
  13 two-headed ogres
  2 death yaks (Lair:5)
  2 tengu warriors
  Amaemon (D:8)
  An iron troll (Orc:2)
  A deep troll (Orc:2)
  2 sea snakes (Shoals:1)
  2 goliath frogs (Lair:5)
  A lindwurm (Lair:5)
  2 orc knights (D:15)
  2 deep elf pyromancers
  2 ugly things (D:15)
  A wolf spider (Lair:4)
  3 fauns (Shoals:1)
  3 orc sorcerers
  An oklob plant (Lair:5)
  8 cyclopes
  4 manticores
  22 elephants
  A guardian serpent (shapeshifter) (D:14)
  Joseph (D:9)
  A merfolk siren (Shoals:1)
  6 black mambas
  3 torpor snails
  Maggie (Lair:1)
  An orange demon (D:8)
  5 gargoyles
  An unseen horror (shapeshifter) (D:15)
  22 cane toads
  11 komodo dragons
  An unseen horror (D:13)
  2 freezing wraiths
  2 rime drakes
  A tengu conjurer (D:14)
  4 polar bears
  A queen bee (shapeshifter) (D:15)
  2 merfolk (Shoals:1)
  A meliai (D:12)
  10 trolls
  3 hornets
  A tarantella (shapeshifter) (D:13)
  Prince Ribbit (D:9)
  3 tyrant leeches (Lair:5)
  A wind drake (Shoals:1)
  10 dream sheep
  16 blink frogs
  8 slime creatures
  2 snapping turtles (Shoals:1)
  4 centaur simulacra (D:11)
  2 shadows
  60 yaks
  2 vampires
  2 steam dragons
  5 wraiths
  5 water elementals
  5 wyverns
  11 humans (D:14)
  6 basilisks
  Grum (D:8)
  20 vampire mosquitoes
  2 redbacks (Lair:3)
  3 wargs (Orc:2)
  5 acid dragons
  21 water moccasins
  11 orc warriors
  4 ice beasts
  2 sky beasts
  4 black bears
  A meliai simulacrum (D:11)
  5 boggarts (D:15)
  10 wolves
  22 ogres
  16 centaurs
  2 phantoms
  2 kobold brigands
  2 necrophages (D:6)
  15 bullfrogs
  2 gnoll sergeants
  2 elf skeletons (D:7)
  4 scorpions
  21 killer bees
  3 howler monkeys
  6 electric eels
  A centaur zombie (Ossuary)
  A human zombie (D:7)
  6 jellies
  7 orc priests
  4 hounds
  Crazy Yiuf (D:7)
  2 human skeletons (D:7)
  3 iguanas
  13 orc wizards
  5 mummies (Ossuary)
  10 adders
  19 gnolls
  3 river rats (Sewer)
  A shadow imp (D:6)
  5 white imps
  2 ufetubi
  3 worms
  4 dart slugs
  38 orcs
  2 bats (D:1)
  20 endoplasms
  9 giant cockroaches
  28 hobgoblins
  4 jackals (D:1)
  6 quokkas
  8 ball pythons
  7 frilled lizards
  33 goblins
  2 hobgoblin zombies (Ossuary)
  16 kobolds
  An orc zombie (D:7)
  4 rats
784 creatures vanquished.

Vanquished Creatures (collateral kills)
  Saint Roka (Orc:2)
  A fire dragon (D:15)
  A boulder beetle (D:15)
  A faun (Shoals:1)
  A manticore (Shoals:1)
  A gargoyle (D:12)
  A troll (D:12)
  4 slime creatures (D:15)
  A steam dragon (Shoals:1)
  An orc warrior (D:15)
13 creatures vanquished.

Vanquished Creatures (others)
  5 dream sheep (D:3)
  2 bushes (Lair:5)
  67 fungi
  197 plants
271 creatures vanquished.

Grand Total: 1068 creatures vanquished

Notes
Turn   | Place    | Note
-------+----------+-------------------------------------------
     0 | D:1      | raph the Deep Elf Earth Elementalist began the quest for
                  | the Orb.
     0 | D:1      | Reached XP level 1. HP: 10/10 MP: 6/6
   210 | D:1      | Reached XP level 2. HP: 15/15 MP: 5/8
   213 | D:1      | Learned a level 2 spell: Passwall
  1007 | D:2      | Reached XP level 3. HP: 15/19 MP: 5/9
  1126 | D:2      | Found a bloodstained altar of Trog.
  1762 | D:3      | Reached skill level 5 in Earth Magic
  1766 | D:3      | Learned a level 3 spell: Stone Arrow
  1925 | D:3      | Found a glowing drain.
  1975 | Sewer    | Entered a sewer
  2161 | Sewer    | Reached skill level 1 in Conjurations
  2164 | Sewer    | Reached XP level 4. HP: 24/24 MP: 4/10
  2719 | Sewer    | Reached skill level 2 in Conjurations
  2800 | Sewer    | Found a viscous altar of Jiyva.
  2808 | Sewer    | Reached XP level 5. HP: 28/28 MP: 6/11
  3149 | Sewer    | Identified a scroll of acquirement
  3149 | Sewer    | Acquired the amulet "Wicez" {Reflect Str+3 SH+5}
  3420 | D:3      | Noticed a dream sheep
  3420 | D:3      | Noticed a dream sheep
  3420 | D:3      | Noticed a dream sheep
  3420 | D:3      | Noticed a dream sheep
  3420 | D:3      | Noticed a dream sheep
  3420 | D:3      | Found a shimmering altar of Xom.
  3424 | D:3      | Killed a dream sheep
  3424 | D:3      | Killed a dream sheep
  3424 | D:3      | Killed a dream sheep
  3424 | D:3      | Killed a dream sheep
  3425 | D:3      | Killed a dream sheep
  3662 | D:3      | You fall into a shaft and drop 3 floors!
  3680 | D:6      | Reached skill level 3 in Conjurations
  3777 | D:6      | Reached XP level 6. HP: 32/32 MP: 6/12
  4056 | D:6      | Reached skill level 4 in Conjurations
  4569 | D:6      | Found a bloodstained altar of Trog.
  4602 | D:6      | Found a staircase to the Ecumenical Temple.
  4611 | Temple   | Entered the Ecumenical Temple
  4645 | Temple   | Became a worshipper of Gozag Ym Sagoz the Greedy
  4673 | D:6      | Found a broken altar of Ashenzari.
  4677 | D:6      | Saw a vision of the Shoals and the Spider Nest.
  4677 | D:6      | Noticed a wind drake
  4677 | D:6      | Noticed a manticore
  4677 | D:6      | Noticed a culicivora
  4677 | D:6      | Noticed a snapping turtle
  4677 | D:6      | Noticed a merfolk
  4677 | D:6      | Noticed a snapping turtle
  4677 | D:6      | Noticed a demonic crawler
  4677 | D:6      | Noticed a redback
  4677 | D:6      | Noticed a merfolk
  4677 | D:6      | Noticed a manticore
  4677 | D:6      | Noticed a water nymph
  4677 | D:6      | Noticed a radroach
  4677 | D:6      | Noticed a steelbarb worm
  4677 | D:6      | Noticed a harpy
  4677 | D:6      | Noticed a moth of wrath
  4677 | D:6      | Noticed a wolf spider
  4677 | D:6      | Noticed a steelbarb worm
  4677 | D:6      | Noticed a merfolk
  4677 | D:6      | Noticed a boulder beetle
  4678 | D:6      | Noticed a boulder beetle
  4679 | D:6      | Noticed a jorogumo
  4680 | D:6      | Noticed a torpor snail
  4701 | D:6      | Noticed an ice beast
  4710 | D:6      | Killed an ice beast
  4711 | D:6      | Reached XP level 7. HP: 36/36 MP: 2/15
  4854 | D:6      | Reached skill level 5 in Conjurations
  4878 | D:6      | Found Luenikko's Antique Weapon Boutique.
  4978 | D:5      | Entered Level 5 of the Dungeon
  5335 | D:5      | Found Xaoley's Weapon Shop.
  5545 | D:4      | Reached skill level 1 in Fighting
  5916 | D:4      | Reached skill level 1 in Shields
  5916 | D:4      | Reached XP level 8. HP: 43/43 MP: 12/16
  7295 | D:3      | Reached skill level 6 in Conjurations
  7346 | D:3      | Reached skill level 5 in Spellcasting
  8042 | D:4      | Learned a level 4 spell: Petrify
  8588 | D:5      | Reached skill level 7 in Conjurations
  8588 | D:5      | Reached XP level 9. HP: 28/48 MP: 0/19
  8985 | D:5      | Found a stormy altar of Qazlal.
  9203 | D:5      | Found a runed translucent gate.
  9203 | D:5      | Found a runed translucent gate.
  9207 | D:5      | Found a runed translucent gate.
  9211 | D:5      | Noticed fakeacct's ghost (novice HuBr)
  9302 | D:5      | Found a radiant altar of Vehumet.
  9421 | D:5      | Found a glowing golden altar of the Shining One.
  9515 | D:6      | Found Nurehod's Jewellery Shop.
  9519 | D:6      | Found Qell's Antique Weapon Emporium.
  9520 | D:6      | Bought the ring of Light {Wiz rF+ Stlth+} for 514 gold
                  | pieces
  9564 | D:6      | Found an ornate altar of the Wu Jian Council.
  9567 | D:6      | Found a sacrificial altar of Ru.
  9960 | D:7      | Found a sand-covered staircase.
  9980 | Ossuary  | Entered an ossuary
 10556 | D:7      | Reached skill level 5 in Dodging
 10908 | D:7      | Reached skill level 8 in Conjurations
 11326 | D:7      | Found a runed translucent door.
 11327 | D:7      | Noticed Crazy Yiuf
 11514 | D:7      | Killed Crazy Yiuf
 11625 | D:8      | Noticed Grum
 11629 | D:8      | Killed Grum
 11632 | D:8      | Reached XP level 10. HP: 56/56 MP: 9/22
 12027 | D:8      | Noticed a gargoyle
 12032 | D:8      | Killed a gargoyle
 12033 | D:8      | Reached skill level 9 in Conjurations
 12107 | D:8      | Noticed Amaemon
 12108 | D:8      | Noticed an orange demon
 12509 | D:9      | Noticed a two-headed ogre
 12515 | D:9      | Killed a two-headed ogre
 12627 | D:9      | Reached skill level 13 in Conjurations
 12627 | D:9      | Reached XP level 11. HP: 61/61 MP: 24/24
 12636 | D:9      | Learned a level 7 spell: Orb of Destruction
 12816 | D:9      | Noticed Joseph
 12821 | D:9      | Killed Joseph
 12973 | D:9      | Noticed Prince Ribbit
 12981 | D:9      | Killed Prince Ribbit
 13114 | D:9      | Reached skill level 14 in Conjurations
 13312 | D:9      | Noticed a two-headed ogre
 13323 | D:9      | Killed a two-headed ogre
 13324 | D:9      | Reached skill level 1 in Armour
 14406 | D:9      | Found a staircase to the Orcish Mines.
 14773 | D:10     | Entered Level 10 of the Dungeon
 14788 | D:10     | Noticed a two-headed ogre
 14800 | D:10     | Killed a two-headed ogre
 14980 | D:10     | Found a shadowy altar of Dithmenos.
 15020 | D:10     | Found a hide-covered altar of Uskayaw.
 15764 | D:10     | Acquired the Quarto of Violent Jinxing
 15770 | D:10     | Learned a level 3 spell: Tukima's Dance
 16488 | D:10     | Found a burning altar of Makhleb.
 16583 | D:10     | Found a hazy altar of Hepliaklqana.
 16663 | D:11     | Identified the +8 plate armour "Toclig" {+Blink rN+ Int+2}
 16670 | D:11     | Reached XP level 12. HP: 68/68 MP: 18/26
 16785 | D:11     | Reached skill level 5 in Fighting
 16841 | D:11     | Learned a level 6 spell: Starburst
 17101 | D:11     | Reached skill level 1 in Fire Magic
 17160 | D:11     | Found a staircase to the Lair.
 17900 | D:11     | Noticed a six-headed hydra
 17908 | D:11     | Killed a six-headed hydra
 18327 | D:11     | Noticed a two-headed ogre
 18709 | D:11     | Found Eripucs's Antique Weapon Boutique.
 18951 | D:11     | Killed a two-headed ogre
 19248 | D:11     | Reached skill level 15 in Conjurations
 19973 | D:11     | Noticed a two-headed ogre
 19975 | D:11     | Killed a two-headed ogre
 20575 | Lair:1   | Entered Level 1 of the Lair of Beasts
 20690 | Lair:1   | Noticed Maggie
 20699 | Lair:1   | Killed Maggie
 21175 | Lair:1   | Noticed a six-headed hydra
 21215 | Lair:1   | Killed a six-headed hydra
 21216 | Lair:1   | Reached skill level 1 in Evocations
 21694 | Lair:1   | Reached XP level 13. HP: 61/75 MP: 4/28
 22557 | Lair:2   | Reached skill level 10 in Spellcasting
 22559 | Lair:2   | Reached skill level 5 in Fire Magic
 23060 | Lair:2   | Learned a level 6 spell: Iron Shot
 23550 | Lair:2   | Learned a level 3 spell: Summon Guardian Golem
 23993 | Lair:2   | Reached skill level 1 in Summonings
 25609 | Lair:3   | Found a staircase to the Shoals.
 25871 | Lair:3   | Found a hole to the Spider Nest.
 26988 | Lair:4   | Found the +3 warlock's mirror {reflect}
 27959 | Lair:4   | Reached skill level 5 in Stealth
 28919 | Lair:4   | Reached XP level 14. HP: 82/82 MP: 18/31
 29470 | Lair:5   | Entered Level 5 of the Lair of Beasts
 30622 | Lair:5   | Reached skill level 5 in Summonings
 32655 | Lair:5   | Reached skill level 5 in Armour
 32663 | Lair:4   | Reached skill level 16 in Conjurations
 33067 | Lair:5   | Found a staircase to the Slime Pits.
 33067 | Lair:5   | Found a viscous altar of Jiyva.
 33551 | Lair:5   | Found an iron altar of Okawaru.
 33678 | Lair:5   | Reached skill level 10 in Dodging
 34468 | Lair:5   | Reached skill level 5 in Evocations
 34965 | Lair:5   | Identified the ring of Binnealo {Will+ Str+5}
 35578 | D:8      | Killed Amaemon
 36007 | D:8      | Found a shimmering blue altar of Sif Muna.
 36058 | D:8      | Found an ancient bone altar of Kikubaaqudgha.
 36139 | Orc:1    | Entered Level 1 of the Orcish Mines
 36270 | Orc:1    | Reached XP level 15. HP: 89/89 MP: 25/33
 36609 | Orc:2    | Entered Level 2 of the Orcish Mines
 36734 | Orc:2    | Found a staircase to the Elven Halls.
 38717 | Orc:2    | Found Onnohevva's Antique Weapon Emporium.
 38719 | Orc:2    | Found Douts's Armour Shop.
 38720 | Orc:2    | Found Niustryb's Armour Boutique.
 38724 | Orc:2    | Found Giphin's Antique Weapon Shop.
 38726 | Orc:2    | Bought a jewelled rapier for 252 gold pieces
 38726 | Orc:2    | Identified the +6 rapier of Resourcefulness {chaos, rF+
                  | Str-4 Int+5 SInv} (You bought it in a shop on level 2 of
                  | the Orcish Mines)
 38738 | Orc:2    | Bought a glowing demon blade for 450 gold pieces
 38751 | Orc:2    | Bought a +0 helmet for 67 gold pieces
 38862 | Orc:2    | Noticed Saint Roka
 39000 | Orc:1    | Learned a level 7 spell: Spellforged Servitor
 39627 | Orc:2    | Killed Saint Roka
 41986 | D:12     | Noticed Frances
 41992 | D:12     | Killed Frances
 41993 | D:12     | Reached skill level 17 in Conjurations
 43350 | D:13     | Reached skill level 10 in Summonings
 44772 | D:14     | Found a gate to the Vaults.
 45141 | D:14     | Reached skill level 1 in Long Blades
 45625 | D:15     | Entered Level 15 of the Dungeon
 45999 | D:15     | Reached XP level 16. HP: 96/96 MP: 16/35
 46333 | D:15     | Found an ornate altar of the Wu Jian Council.
 47502 | D:15     | Found a staircase to the Depths.
 48165 | Shoals:1 | Entered Level 1 of the Shoals
 49060 | Shoals:1 | Noticed Jorgrun
 49068 | Shoals:1 | Killed Jorgrun
 49420 | Shoals:1 | HP: 4/96 [wind drake/the air (29)]
 49420 | Shoals:1 | Killed from afar by a wind drake

Illustrated notes

Levels and vault maps discovered:
D:1:      dpeg_arrival_short_road, layout_basic, serial_bayou,
          serial_bayou_pond_c, serial_bayou_pond_d, serial_bayou_pond_e,
          serial_bayou_pond_a
D:2:      layout_basic, basic_altar
D:3:      minmay_goblin_kobold_castle, layout_loops_ring,
          kb_xom_exploding_sheep, portal_sewer_entry_f
D:4:      wad_crossroads, layout_cave_pods
D:5:      layout_loops_ring, lemuel_doored_altar,
          mainiacjoe_overflow_small_starburst, nicolae_qazlal_eye_of_the_storm,
          serial_shops, nicolae_shop_hallway_stairs, gammafunk_ghost_necromancy,
          kennysheep_generic_room_16
D:6:      layout_basic, grunt_temple_overflow_open,
          mainiacjoe_overflow_tiny_flanked, grunt_ashenzari_visionary
          [grunt_ashenzari_visionary_shoals, grunt_ashenzari_visionary_spider],
          lemuel_temple_firewalk_b, serial_shops, shop,
          nicolae_shop_overgrown_old_shop, nicolae_shop_crystal,
          kennysheep_cluttered_room
D:7:      layout_rooms, nicolae_ossuary_entry_catacombs, chequers_jeans,
          minivault_4, uniq_crazy_yiuf_cottage
D:8:      layout_cave_pools, tgw_sif, mainiacjoe_overflow_surrounded_room,
          uniq_grum, uniq_amaemon
D:9:      layout_roguey, orc_0_dummy, minmay_fractal_squares_diagonal_5,
          uniq_prince_ribbit1, uniq_joseph
D:10:     layout_roguey, mainiacjoe_overflow_boulevard,
          mainiacjoe_overflow_alcove_1, grunt_dithmenos_smoke,
          mainiacjoe_overflow_catwalk, columned_hall_lemuel
D:11:     layout_roguey, due_lair_maze_entry_diamond, serial_ice, serial_ice_o,
          serial_ice_m, serial_ice_i, serial_ice_e, serial_ice_d, serial_ice_b,
          serial_shops, shop, amethyst_killhole, minmay_misc_feat_pillars
D:12:     minmay_the_grid_3x3 [minmay_the_grid_minigrid_large,
          minmay_the_grid_all_tris, minmay_the_grid_holed_spiral,
          minmay_the_grid_empty, minmay_the_grid_mess,
          minmay_the_grid_pillar_ring, minmay_the_grid_eight,
          minmay_the_grid_aliased_spiral, minmay_the_grid_prize_big_room],
          layout_irregular_city, uniq_frances
D:13:     layout_stronghold, nicolae_figureground_sparkle
D:14:     layout_loops_corners, ximxim_vaults_locker_room,
          amcnicky_mini_pool_small
D:15:     gammafunk_enter_depths_forms, layout_basic, nzn_wu_jian_contemplation,
          nicolae_underground_beach
Temple:   hellmonk_temple_two_chambers
Lair:1:   layout_hall_layers, uniq_maggie
Lair:2:   layout_small_grid, nicolae_quartered_pool_super
Lair:3:   layout_small_grid, shoals_dummy_entry, spider_nest_entry_a,
          serial_bayou_shore_a, grunt_megastairs_2
Lair:4:   nzn_winding_woodlands_cross [nzn_winding_woodlands_5x15_pockets,
          nzn_winding_woodlands_5x15_pathside_ponds,
          nzn_winding_woodlands_5x15_crooked,
          nzn_winding_woodlands_5x15_concentric,
          nzn_winding_woodlands_15x15_boxy_spiral], layout_misc_corridors
Lair:5:   minmay_lair_end_frog_pond, layout_gridlike,
          nicolae_slime_entry_slimehenge, fungi_pond_lemuel, lemuel_oklob_altar,
          infiniplex_staircase_pool
Shoals:1: layout_shoals, nicolae_shoals_drake_roost, uniq_jorgrun
Orc:1:    layout_caves
Orc:2:    st_orc_open, layout_caves, uniq_saint_roka

Skill      XL: |  1  2  3  4  5  6  7  8  9 10 11 12 13 14 15 16 |
---------------+-------------------------------------------------+-----
Earth Magic    | 4 5 6 7 8 9 |  9.0
Conjurations   | 1 2 3 4 5 7 8 13 14 15 16 17 | 17.6
Spellcasting   | 4 5 7 8 9 11 12 13 | 13.4
Dodging        | 3 4 5 6 7 8 9 10 | 10.4
Fighting       | 1 2 3 4 6 7 8 9 |  9.4
Shields        | 1 2 3 4 |  4.7
Armour         | 2 3 4 5 |  5.5
Fire Magic     | 4 6 7 |  7.4
Evocations     | 1 3 5 |  5.6
Stealth        | 3 5 6 7 |  7.0
Summonings     | 4 6 10 11 | 11.9
Long Blades    | 1 3 |  3.3
Transmutations | |  1.1

Action                   |  1- 3 |  4- 6 |  7- 9 | 10-12 | 13-15 | 16-18 || total
-------------------------+-------+-------+-------+-------+-------+-------++-------
Melee: Short sword       |     4 |       |       |       |       |       ||     4
       Long sword        |       |     6 |    39 |    20 |    86 |       ||   151
       Demon blade       |       |       |       |       |    54 |    13 ||    67
 Cast: Sandblast         |    66 |    47 |    91 |    39 |    27 |     7 ||   277
       Stone Arrow       |     1 |    20 |   130 |    95 |     6 |     2 ||   254
       Passwall          |       |     2 |       |       |     2 |     1 ||     5
       Petrify           |       |       |       |     5 |       |       ||     5
       Orb of Destructio |       |       |       |    74 |   223 |    27 ||   324
       Starburst         |       |       |       |     7 |    72 |    14 ||    93
       Iron Shot         |       |       |       |       |    88 |    15 ||   103
       Summon Guardian G |       |       |       |       |     3 |       ||     3
       Spellforged Servi |       |       |       |       |     7 |     3 ||    10
Evoke: Phantom mirror    |       |       |       |       |       |     1 ||     1
  Use: Scroll            |     7 |    11 |     5 |    13 |     7 |     1 ||    44
       Potion            |       |     1 |     2 |     2 |     1 |     2 ||     8
 Stab: Sleeping          |       |       |       |       |     3 |     1 ||     4
       Distracted        |       |       |       |       |     1 |       ||     1
Armor: Robe              |     7 |    11 |    29 |     1 |       |       ||    48
       Animal skin       |       |       |       |     3 |       |       ||     3
       Leather armour    |       |       |       |    22 |       |       ||    22
       Acid dragon scale |       |       |       |     4 |   103 |    16 ||   123
Dodge: Dodged            |    33 |    27 |    44 |    66 |   160 |    10 ||   340
Block: Buckler           |     4 |    13 |    44 |    64 |   239 |    40 ||   404
       Reflection        |       |     1 |     5 |     6 |    13 |     8 ||    33
